 Dungeon Crawl Stone Soup version 0.24.0-1-gfbc8707122 (webtiles) character file.

Game seed: 10447485082226221989, levelgen mode: deterministic

77508 Curus the Severer (level 15, -16/136 HPs)
             Began as a Minotaur Monk on Oct 25, 2019.
             Was the Champion of Okawaru.
             Demolished by an ettin
             ... wielding a +0 dire flail
              (27 damage)
             ... on level 13 of the Dungeon.
             The game lasted 02:03:38 (18831 turns).

Curus the Severer (Minotaur Monk)                  Turns: 18831, Time: 02:03:39

Health: -16/136    AC: 23    Str: 20    XL:     15   Next: 15%
Magic:  0/22       EV:  9    Int:  7    God:    Okawaru [******]
Gold:   217        SH:  0    Dex: 18    Spells: 14/14 levels left

rFire    + + .     SeeInvis .   i - +3 executioner's axe (venom)
rCold    + . .     Gourm    .   (shield currently unavailable)
rNeg     + + .     Faith    .   q - +2 plate armour {rF+}
rPois    +         Spirit   +   Q - +2 hat of the Bear Spirit {Spirit, +Rage rN+ MR++}
rElec    .         Reflect  .   R - scarf {rC+ rF+}
rCorr    .         Harm     .   r - +2 pair of gloves
MR       +++..                  (no boots)
Stlth    ..........             A - amulet of regeneration
HPRegen  0.72/turn              L - ring "Ufabrun" {rN+ Dex+3}
MPRegen  0.18/turn              B - ring of poison resistance

@: no status effects
A: retaliatory headbutt, horns 2
a: Heroism, Finesse, Renounce Religion, Evoke Berserk Rage


You were on level 13 of the Dungeon.
You worshipped Okawaru.
Okawaru was exalted by your worship.
You were not hungry.

You visited 3 branches of the dungeon, and saw 21 of its levels.

You collected 2502 gold pieces.
You spent 2285 gold pieces at shops.

Inventory:

Hand Weapons
 i - a +3 executioner's axe of venom (weapon)
 J - a +1 battleaxe of flaming
Armour
 g - a +5 plate armour
 q - a +2 plate armour of fire resistance (worn)
 r - a +2 pair of gloves (worn)
 K - a scarf of repulsion
 O - the +0 hat of the Swamp {Str+3 Int+2}
   (Okawaru gifted it to you on level 5 of the Lair of Beasts)

   It affects your strength (+3).
   It affects your intelligence (+2).
 Q - the +2 hat of the Bear Spirit (worn) {Spirit, +Rage rN+ MR++}
   (You found it on level 5 of the Lair of Beasts)

   It protects you from negative energy.
   It affects your resistance to hostile enchantments.
   It lets you go berserk.
 R - a scarf of resistance (worn)
Jewellery
 a - the ring "Aton" {+Inv MR+ Stlth+}
   (You found it on level 6 of the Lair of Beasts)

   [ring of protection from magic]

   It affects your resistance to hostile enchantments.
   It lets you turn invisible.
   It makes you more stealthy.
 l - a +1 ring of evasion
 n - an uncursed ring of protection from magic
 p - an uncursed amulet of the gourmand
 v - a +3 ring of strength
 z - an uncursed ring of fire
 A - an amulet of regeneration (around neck)
 B - a ring of poison resistance (right hand)
 G - an uncursed ring of protection from cold
 H - an uncursed ring of teleportation
 L - the ring "Ufabrun" (left hand) {rN+ Dex+3}
   (You found it on level 4 of the Lair of Beasts)

   [ring of positive energy]

   It affects your dexterity (+3).
   It protects you from negative energy.
 T - a cursed amulet of inaccuracy
 V - a +3 ring of dexterity
 W - an uncursed ring of stealth
 Y - a +3 ring of dexterity
Wands
 x - a wand of random effects (31)
 y - a wand of iceblast (10)
 D - a wand of polymorph (22)
 E - a wand of flame (57)
 I - a wand of digging (13)
 M - a wand of scattershot (1)
 N - a wand of enslavement (12)
Scrolls
 e - 3 scrolls of fog
 h - 6 scrolls of identify
 m - 5 scrolls of remove curse
 o - 8 scrolls of teleportation
 s - a scroll of silence
 t - a scroll of fear
 u - 2 scrolls of blinking
Potions
 f - 3 potions of haste
 j - 7 potions of curing
 k - 4 potions of flight
 w - 3 potions of heal wounds
 U - a potion of brilliance
 X - a potion of agility
Miscellaneous
 b - a phial of floods
 d - a lamp of fire (inert)
Comestibles
 c - 27 rations
 F - 4 chunks of flesh


   Skills:
 + Level 13.5 Fighting
 - Level 19.7 Axes
 + Level 13.0 Armour
 - Level 3.2 Dodging
 - Level 1.5 Stealth
 - Level 7.1 Invocations
 - Level 10.7 Evocations


You had 14 spell levels left.
You didn't know any spells.
Your spell library contained the following spells:

 Spells                   Type           Power        Failure   Level  Hunger
 Confusing Touch          Hex            #.....       99%         1    ##.....
 Infusion                 Chrm           #...         99%         1    ##.....
 Summon Butterflies       Summ           #.......     99%         1    ##.....
 Summon Small Mammal      Summ           #...         99%         1    ##.....
 Call Imp                 Summ           #.......     100%        2    ###....
 Song of Slaying          Chrm           #.......     100%        2    ###....
 Sublimation of Blood     Necr           #.........   100%        2    ###....
 Call Canine Familiar     Summ           #.......     100%        3    ####...
 Confuse                  Hex            #.......     100%        3    ####...
 Gell's Gravitas          Tloc           #.........   100%        3    ####...
 Ignite Poison            Fire/Tmut/Pois #.......     100%        3    ####...
 Ozocubu's Armour         Chrm/Ice       #.......     100%        3    ####...
 Summon Guardian Golem    Hex/Summ       #.......     100%        3    ####...
 Petrify                  Tmut/Erth      #.......     100%        4    #####..
 Summon Ice Beast         Ice/Summ       #.......     100%        4    #####..
 Summon Lightning Spire   Summ/Air       #.......     100%        4    #####..
 Alistair's Intoxication  Tmut/Pois      #.......     100%        5    ######.
 Irradiate                Conj/Tmut      #.........   100%        5    ######.
 Iskenderun's Battlesphe  Conj/Chrm      #.......     100%        5    ######.
 Metabolic Englaciation   Hex/Ice        #.........   100%        5    ######.
 Summon Mana Viper        Hex/Summ       #.......     100%        5    ######.
 Yara's Violent Unravell  Hex/Tmut       #.........   100%        5    ######.
 Ring of Flames           Chrm/Fire      #.........   100%        7    #######
 Summon Hydra             Summ           #.........   100%        7    #######


Dungeon Overview and Level Annotations

Branches:
Dungeon (13/15)            Temple (0/1) D:5            Lair (6/6) D:10
  Swamp (0/4) Lair:4       Spider (0/4) Lair:2        Slime (0/5) Lair:5
    Orc (2/2) D:12            Elf (0/3) Orc:2
 Vaults: D:13-14

Altars:
Gozag
Hepliaklqana
Kikubaaqudgha
Okawaru
Ru
Wu Jian
Zin
The Shining One
Jiyva

Shops:
D:6 :   D:10 *   D:11 =   Orc:2 ?![:

Portals:
Pandemonium: Orc:2

Annotations:
Lair:1 exclusion: 4 oklob plants


Innate Abilities, Weirdness & Mutations

You reflexively headbutt those who attack you in melee.
You have a pair of horns on your head.


Message History

The flames dance!
The trail of fire hits the ettin!
The ettin is moderately wounded.
The ettin hits you with a +0 dire flail!
The ettin barely misses you.
The ettin is engulfed in blazing flames.
The ettin hits you with a +0 dire flail!
* * * LOW HITPOINT WARNING * * *
The ettin hits you but does no damage. The ettin barely misses you.
You furiously retaliate!
You headbutt the ettin, but do no damage.
The ettin barely misses you.
Okay, then.
Unknown command.
The ettin is engulfed in blazing flames.
The ettin hits you with a +0 dire flail!!
* * * LOW HITPOINT WARNING * * *
The ettin hits you but does no damage. The ettin closely misses you.
You furiously retaliate!
You headbutt the ettin.
The ettin hits you with a +0 dire flail!!
You die...

######
#CC")#
#@C[}#
#.§#+#
+.§#
####
.....
#.....
.....
...#
...#


You could see 3 ettins.

Vanquished Creatures
  Rupert (Lair:4)
  Nessos (Orc:2)
  6 hydras
  3 catoblepae (Lair:6)
  3 two-headed ogres
  A queen ant (Lair:2)
  11 death yaks
  5 orc high priests (Orc:2)
  A torturous demonspawn (Orc:2)
  A gelid demonspawn (Orc:2)
  7 orc knights
  12 orc sorcerers
  An orb spider (Lair:2)
  2 cyclopes
  2 ugly things
  2 manticores (Lair:6)
  A deep elf mage (D:12)
  14 elephants
  2 centaur zombies
  An orange demon (Orc:2)
  8 spiny frogs
  A torpor snail (Lair:5)
  4 black mambas
  2 centaur skeletons (D:12)
  2 rime drakes (Lair:6)
  8 komodo dragons
  A red devil (Orc:2)
  5 trolls
  A polar bear (Lair:6)
  6 dream sheep (Lair:6)
  3 slime creatures (D:12)
  7 blink frogs
  11 hippogriffs
  A meliai zombie (D:12)
  A spriggan (D:9)
  A wyvern (Lair:6)
  2 basilisks
  Grum (D:8)
  3 hungry ghosts
  33 yaks
  Menkaure (D:5)
  3 wargs
  9 water moccasins
  14 soldier ants (Lair:2)
  7 porcupines
  3 ice beasts
  2 sky beasts (D:6)
  2 black bears
  42 orc warriors
  An eye of draining (D:8)
  3 phantoms (D:8)
  20 wolves
  19 ogres
  19 crocodiles
  3 centaurs
  5 big kobolds
  15 bullfrogs
  3 gnoll sergeants
  A water moccasin skeleton (D:9)
  6 scorpions
  4 killer bees (D:10)
  5 wights
  2 howler monkeys
  2 electric eels (Lair:4)
  4 crimson imps
  2 bullfrog zombies
  4 jellies
  19 orc wizards
  30 orc priests
  3 bullfrog skeletons
  10 hounds
  4 iguanas
  34 worker ants
  2 worker ant zombies (D:8)
  17 gnolls
  2 howler monkey skeletons
  15 adders
  3 shadow imps
  An ooze (D:1)
  2 adder zombies
  An adder skeleton (D:4)
  3 worms (D:3)
  4 dart slugs
  5 leopard geckos
  84 orcs
  7 giant cockroaches
  14 goblins
  9 hobgoblins
  2 jackals (D:5)
  8 quokkas
  A ball python (D:4)
  13 bats
  5 frilled lizards
  A jackal skeleton (D:9)
  10 kobolds
  A leopard gecko skeleton (D:4)
  A quokka skeleton (D:7)
  8 rats
  3 fungi
  3 plants
704 creatures vanquished.

Vanquished Creatures (collateral kills)
  A hydra (Lair:3)
1 creature vanquished.

Vanquished Creatures (others)
  An orc priest (Orc:2)
  An adder (D:6)
  An ooze (D:1)
  3 fungi
  9 plants
15 creatures vanquished.

Grand Total: 720 creatures vanquished

Notes
Turn   | Place    | Note
-------+----------+-------------------------------------------
     0 | D:1      | Curus the Minotaur Monk began the quest for the Orb.
     0 | D:1      | Reached XP level 1. HP: 19/19 MP: 0/0
    78 | D:1      | Reached skill level 4 in Axes
   106 | D:1      | Reached XP level 2. HP: 23/26 MP: 1/1
   350 | D:1      | Reached skill level 5 in Axes
   397 | D:1      | Reached XP level 3. HP: 24/31 MP: 2/2
  1255 | D:2      | Found an iron altar of Okawaru.
  1256 | D:2      | Found a hazy altar of Hepliaklqana.
  1256 | D:2      | Found a glowing golden altar of the Shining One.
  1263 | D:2      | Became a worshipper of Warmaster Okawaru
  1263 | D:2      | Reached * piety under Okawaru
  1263 | D:2      | Reached ** piety under Okawaru
  1278 | D:2      | Found a glowing silver altar of Zin.
  1388 | D:2      | Reached XP level 4. HP: 39/39 MP: 3/3
  1419 | D:2      | Reached skill level 6 in Axes
  2431 | D:3      | Reached skill level 7 in Axes
  2431 | D:3      | Reached XP level 5. HP: 40/45 MP: 4/4
  2870 | D:3      | Found an opulent altar of Gozag.
  3255 | D:4      | Reached skill level 8 in Axes
  3884 | D:5      | Entered Level 5 of the Dungeon
  3893 | D:5      | Noticed Menkaure
  3902 | D:5      | Reached XP level 6. HP: 42/51 MP: 5/5
  3908 | D:5      | Killed Menkaure
  3908 | D:5      | Reached skill level 9 in Axes
  3968 | D:5      | Found a staircase to the Ecumenical Temple.
  4007 | D:5      | Reached XP level 7. HP: 36/57 MP: 6/6
  4058 | D:5      | Reached *** piety under Okawaru
  4069 | D:5      | Reached skill level 10 in Axes
  4466 | D:5      | Reached skill level 11 in Axes
  5010 | D:6      | Reached XP level 8. HP: 22/64 MP: 7/7
  5177 | D:6      | Reached **** piety under Okawaru
  5177 | D:6      | Reached skill level 12 in Axes
  5231 | D:6      | Found Zidaeheg's Book Shoppe.
  5501 | D:6      | Reached skill level 13 in Axes
  5594 | D:6      | You fall into a shaft and drop 1 floor!
  5867 | D:7      | Reached XP level 9. HP: 32/70 MP: 8/8
  6142 | D:7      | Reached skill level 14 in Axes
  6244 | D:7      | Reached skill level 1 in Armour
  6474 | D:7      | Reached ***** piety under Okawaru
  6474 | D:7      | Reached skill level 5 in Fighting
  6542 | D:6      | Received a gift from Okawaru
  7009 | D:7      | Reached skill level 5 in Armour
  7360 | D:8      | Noticed a two-headed ogre
  7385 | D:8      | Killed a two-headed ogre
  7385 | D:8      | Reached XP level 10. HP: 60/88 MP: 1/9
  7606 | D:8      | Noticed Grum
  7619 | D:8      | Received a gift from Okawaru
  7627 | D:8      | Killed Grum
  7929 | D:9      | Found an iron altar of Okawaru.
  8034 | D:9      | Received a gift from Okawaru
  8323 | D:9      | Got a brightly glowing triple sword {god gift}
  8371 | D:9      | Found an ancient bone altar of Kikubaaqudgha.
  8614 | D:9      | Reached skill level 10 in Fighting
  8757 | D:9      | Found a sacrificial altar of Ru.
  8761 | D:9      | Noticed a cyclops
  8773 | D:9      | Killed a cyclops
  8872 | D:9      | Identified the +3 triple sword of Circular Logic {slice,
                  | *Noise rElec Int+3 Dex+8} (Okawaru gifted it to you on
                  | level 9 of the Dungeon)
  8874 | D:10     | Entered Level 10 of the Dungeon
  8993 | D:10     | Reached skill level 10 in Armour
  9078 | D:10     | Found a staircase to the Lair.
  9090 | D:10     | Reached XP level 11. HP: 90/101 MP: 10/10
  9097 | D:10     | Received a gift from Okawaru
  9111 | Lair:1   | Entered Level 1 of the Lair of Beasts
  9129 | Lair:1   | Reached skill level 1 in Invocations
  9222 | Lair:1   | Reached ****** piety under Okawaru
  9424 | Lair:1   | Received a gift from Okawaru
  9620 | Lair:1   | Noticed an oklob plant
  9717 | Lair:1   | Noticed an oklob plant
  9717 | Lair:1   | Noticed an oklob plant
  9717 | Lair:1   | Noticed an oklob plant
  9733 | Lair:1   | Reached skill level 15 in Axes
  9739 | Lair:1   | Reached skill level 5 in Invocations
  9954 | Lair:2   | Noticed a queen ant
  9976 | Lair:2   | Killed a queen ant
 10242 | Lair:2   | Reached XP level 12. HP: 73/110 MP: 16/16
 10362 | Lair:2   | Found a hole to the Spider Nest.
 10821 | Lair:3   | Noticed a six-headed hydra
 10877 | Lair:3   | Received a gift from Okawaru
 10924 | Lair:3   | Reached skill level 1 in Evocations
 10933 | Lair:3   | Noticed an eight-headed hydra
 10939 | Lair:3   | Reached skill level 16 in Axes
 10940 | Lair:3   | Killed a nine-headed hydra
 11294 | Lair:3   | Killed a ten-headed hydra
 11630 | Lair:4   | Found a staircase to the Swamp.
 11859 | Lair:4   | Noticed Rupert
 11883 | Lair:4   | Killed Rupert
 11883 | Lair:4   | Reached skill level 17 in Axes
 11883 | Lair:4   | Reached skill level 5 in Evocations
 12020 | Lair:4   | Got a flickering lead ring
 12022 | Lair:4   | Identified the ring "Ufabrun" {rN+ Dex+3} (You found it on
                  | level 4 of the Lair of Beasts)
 12456 | Lair:5   | Noticed an eight-headed hydra
 12459 | Lair:5   | Received a gift from Okawaru
 12496 | Lair:5   | Found the +2 hat of the Bear Spirit {Spirit, +Rage rN+
                  | MR++}
 12517 | Lair:5   | Killed a 15-headed hydra
 12639 | Lair:5   | Got an ichor-stained hat {god gift}
 12655 | Lair:5   | Identified the +0 hat of the Swamp {Str+3 Int+2} (Okawaru
                  | gifted it to you on level 5 of the Lair of Beasts)
 12667 | Lair:5   | Reached XP level 13. HP: 89/116 MP: 17/17
 12730 | Lair:5   | Found a staircase to the Slime Pits.
 12731 | Lair:5   | Found a viscous altar of Jiyva.
 12882 | Lair:5   | Reached skill level 18 in Axes
 13168 | Lair:6   | Entered Level 6 of the Lair of Beasts
 13424 | Lair:6   | HP: 5/116 [spiny frog (9)]
 13577 | Lair:6   | Received a gift from Okawaru
 13970 | Lair:6   | Reached skill level 19 in Axes
 14108 | Lair:6   | Reached XP level 14. HP: 115/124 MP: 18/20
 14146 | Lair:6   | Received a gift from Okawaru
 14151 | Lair:6   | Got a scorched arbalest {god gift}
 14169 | Lair:6   | Reached skill level 10 in Evocations
 14282 | Lair:6   | Got a wavering copper ring
 14290 | Lair:6   | Identified the ring "Aton" {+Inv MR+ Stlth+} (You found it
                  | on level 6 of the Lair of Beasts)
 14629 | D:10     | Found Teopejam's Demolitions Depot.
 14640 | D:10     | Bought a phial of floods for 680 gold pieces
 14640 | D:10     | Bought a lamp of fire for 680 gold pieces
 14819 | D:11     | Upgraded the game from 0.24.0 to 0.24.0-1-gfbc8707122
 14967 | D:11     | Found an ornate altar of the Wu Jian Council.
 14999 | D:11     | Identified Vuityli's Disquisition on Enhancements
 15180 | D:11     | Found Doirol's Jewellery Shoppe.
 15976 | D:12     | Received a gift from Okawaru
 16118 | D:12     | Found a staircase to the Orcish Mines.
 16250 | D:11     | Bought an uncursed ring of poison resistance for 360 gold
                  | pieces
 16401 | Orc:1    | Entered Level 1 of the Orcish Mines
 16598 | Orc:1    | Received a gift from Okawaru
 16781 | Orc:2    | Entered Level 2 of the Orcish Mines
 17048 | Orc:2    | Found a staircase to the Elven Halls.
 17455 | Orc:2    | Found Wohank's Magic Scroll Shop.
 17474 | Orc:2    | Found Koapsau's Distillery.
 17836 | Orc:2    | Noticed Nessos
 17852 | Orc:2    | Received a gift from Okawaru
 18100 | Orc:2    | Bought a scroll of blinking for 112 gold pieces
 18100 | Orc:2    | Bought a scroll of teleportation for 45 gold pieces
 18100 | Orc:2    | Bought a scroll of teleportation for 45 gold pieces
 18100 | Orc:2    | Bought a scroll of enchant weapon for 112 gold pieces
 18100 | Orc:2    | Bought a scroll of fog for 30 gold pieces
 18102 | Orc:2    | Bought a potion of heal wounds for 85 gold pieces
 18102 | Orc:2    | Bought a potion of curing for 51 gold pieces
 18102 | Orc:2    | Bought a potion of heal wounds for 85 gold pieces
 18134 | Orc:2    | Reached XP level 15. HP: 121/135 MP: 19/22
 18139 | Orc:2    | Found Wupt's Antique Armour Shoppe.
 18139 | Orc:2    | Found a one-way gate leading to the halls of Pandemonium.
 18139 | Orc:2    | Found Poasimn's Book Emporium.
 18178 | Orc:2    | Killed Nessos
 18831 | D:13     | Demolished by an ettin

Levels and vault maps discovered:
D:1:      saegor_arrival_simple_b, layout_basic
D:2:      layout_basic, nicolae_overflow_crystal_walls,
          chequers_temple_overflow_statue_of_worship
D:3:      layout_basic, grunt_decor_resistance, grunt_gozag_breadcrumbs
D:4:      layout_loops_ring, first_ration
D:5:      layout_loops_ring, minmay_temple_entry_slanted, kennysheep_crisscross,
          minivault_23, uniq_menkaure
D:6:      layout_loops_ring, serial_shops, shop_coins, lemuel_flamethrower_2
D:7:      layout_loops_corners
D:8:      layout_basic, uniq_grum
D:9:      layout_loops_ring, kiku_gazebo_pond_becter, basic_altar, the_bakery,
          okawaru_altar_gauntlet_db
D:10:     layout_rooms, david_lair_generic, nicolae_blasting_shop
D:11:     layout_loops_corners, basic_altar, serial_shops, shop,
          kennysheep_potato
D:12:     minmay_clustersquares, layout_basic,
          kennysheep_orc_monster_closet_entryway
D:13:     minmay_shrinking_squares, layout_rooms, david_vaults_4
Lair:1:   layout_concentric_octagons, minmay_lair_oklob_chamber
Lair:2:   layout_regular_city, nicolae_spider_entry_orb_guardian, zaba_anthell
Lair:3:   layout_roguey, serial_bayou_shore_b
Lair:4:   layout_regular_city, minmay_swamp_entry_eels, uniq_rupert
Lair:5:   layout_hall_layers, slime_altar_1, chequers_serial_rivers_micro_c,
          st_stairs_6, grunt_megastairs_3
Lair:6:   evilmike_catoblepas_cave, layout_small_grid,
          chequers_serial_rivers_micro_a, grunt_megastairs_1
Orc:1:    layout_diamond_mine, mines_bat_river
Orc:2:    pf_orc_diabolical, layout_diamond_mine, mines4_lemuel, uniq_nessos

Skill      XL: |  1  2  3  4  5  6  7  8  9 10 11 12 13 14 15 |
---------------+----------------------------------------------+-----
Axes           | 4 5 7 8 9 11 13 14 15 17 19 | 19.7
Armour         | 6 10 12 13 | 13.0
Fighting       | 7 10 11 13 | 13.5
Invocations    | 6 7 |  7.1
Evocations     | 6 9 10 | 10.7
Dodging        | |  3.2
Stealth        | |  1.5

Action                   |  1- 3 |  4- 6 |  7- 9 | 10-12 | 13-15 || total
-------------------------+-------+-------+-------+-------+-------++-------
Melee: Hand axe          |   107 |   213 |   427 |   185 |       ||   932
       Headbutt          |    13 |    30 |    94 |   147 |   193 ||   477
       War axe           |       |       |       |    81 |       ||    81
       Broad axe         |       |       |       |   298 |       ||   298
       Executioner's axe |       |       |       |    61 |   749 ||   810
       Battleaxe         |       |       |       |       |     4 ||     4
Invok: Heroism           |       |       |       |     6 |     6 ||    12
       Finesse           |       |       |       |     1 |       ||     1
 Abil: Evoke Berserk Rag |       |       |       |       |     1 ||     1
Evoke: Wand              |       |       |     4 |    11 |     9 ||    24
       Phantom mirror    |       |       |       |     1 |       ||     1
       Lamp of fire      |       |       |       |       |     1 ||     1
  Use: Scroll            |     4 |     7 |     2 |     7 |    13 ||    33
       Potion            |     3 |     1 |     5 |     5 |     7 ||    21
 Stab: Sleeping          |     2 |       |       |       |       ||     2
  Eat: Chunk             |     1 |     9 |     7 |    12 |    19 ||    48
       Ration            |       |       |     3 |     3 |     1 ||     7
Armor: Robe              |     5 |       |       |       |       ||     5
       Leather armour    |     3 |       |       |       |       ||     3
       Plate armour      |    34 |   110 |   142 |   403 |   636 ||  1325
Dodge: Dodged            |    47 |    39 |    87 |   257 |   388 ||   818
